 Dungeon Crawl Stone Soup version 0.26-a0-850-g97a50ab700 (webtiles) character file.

Game seed: 9484192329686243934

1724 jestyr24 the Conjurer (level 8, 0/66 (67) HPs)
             Began as a Purple Draconian Conjurer on Nov 20, 2020.
             Was an Initiate of Vehumet.
             Slain by a gnoll sergeant
             ... wielding a +0 spear of venom
              (6 damage)
             ... on level 6 of the Dungeon.
             The game lasted 00:40:34 (7770 turns).

jestyr24 the Conjurer (Purple Draconian Conjurer)   Turns: 7770, Time: 00:40:34

HP:   0/66 (67)     AC:  9    Str: 10    XL:     8   Next: 75%
MP:   0/15          EV: 13    Int: 26    God:    Vehumet [......]
Gold: 231           SH:  0    Dex: 10    Spells: 11/17 levels left

rFire    + . .     SeeInvis .   h - +2 broad axe (vorpal)
rCold    . . .     Faith    .   (no shield)
rNeg     . . .     Spirit   .   (armour unavailable)
rPois    .         Reflect  .   (helmet restricted)
rElec    .         Harm     .   (no cloak)
rCorr    .         Rampage  .   p - +2 pair of gloves
MR       +....                  (no boots)
Stlth    +++.......             d - amulet of the acrobat
HPRegen  0.21/turn              q - +6 ring of intelligence
MPRegen  0.14/turn              g - ring of protection from fire

@: mighty, lethally poisoned (0 -> -3), about to teleport
A: breathe power, unfitting armour, cold-blooded, AC +6
a: Breathe Dispelling Energy, Renounce Religion


You were on level 6 of the Dungeon.
You worshipped Vehumet.
Vehumet was noncommittal.
You visited 2 branches of the dungeon, and saw 7 of its levels.

You collected 231 gold pieces.

Inventory:

Hand Weapons
 h - a +2 vorpal broad axe (weapon)
Missiles
 f - 166 stones (quivered)
 o - 13 curare-tipped darts
Armour
 p - a +2 pair of gloves (worn)
Jewellery
 d - an amulet of the acrobat (around neck)
 g - a ring of protection from fire (right hand)
 q - a +6 ring of intelligence (left hand)
Wands
 m - a wand of enslavement (8)
Scrolls
 b - 4 scrolls of magic mapping
 u - 5 scrolls of identify
 v - 3 scrolls of remove curse
 C - a scroll of teleportation
Potions
 a - a potion of heal wounds {unknown}
 j - 2 potions of haste {unknown}
 k - 2 potions of curing {unknown}
 n - a potion of berserk rage {unknown}
 t - a potion of cancellation {unknown}
 x - a potion of invisibility {unknown}


   Skills:
 * Level 4.6 Fighting
 - Level 0.3 Short Blades
 + Level 3.5 Axes
 + Level 3.7 Dodging
 * Level 5.0 Stealth
 * Level 5.2 Spellcasting
 * Level 5.8 Conjurations
 * Level 3.1 Hexes
 * Level 2.9 Evocations


You had 11 spell levels left.
You knew the following spells:

 Your Spells              Type           Power        Failure   Level
a - Magic Dart            Conj           ####         1%          1
b - Searing Ray           Conj           #####.       1%          2
c - Dazzling Flash        Conj/Hex       ####..       3%          3

Your spell library contained the following spells:

 Spells                   Type           Power        Failure   Level
 Fulminant Prism          Conj/Hex       ####......   12%         4
 Iskenderun's Mystic Bla  Conj/Tloc      ###.....     22%         4


Dungeon Overview and Level Annotations

Branches:
Dungeon (6/15)             Temple (1/1) D:5

Altars:
Cheibriados
Dithmenos
Elyvilon
Fedhas
Hepliaklqana
Kikubaaqudgha
Makhleb
Nemelex Xobeh
Okawaru
Qazlal
Ru
Sif Muna
Trog
Uskayaw
Vehumet
Wu Jian
Xom
Yredelemnul
Zin
The Shining One

Annotations:
D:6 1 transporter, felt's ghost, novice GnTm


Innate Abilities, Weirdness & Mutations

You can breathe bolts of dispelling energy.
Your rich purple scales are hard. (AC +6)
You cannot fit into any form of body armour.
You are cold-blooded and may be slowed by cold attacks.


Message History

You kill the gnoll!
Vehumet accepts your kill.
The searing ray hits the gnoll shaman.
The gnoll shaman is lightly wounded. (Press . to maintain the ray.)
You feel sick. Felt's ghost hits you.
* * * LOW HITPOINT WARNING * * *
You miss felt's ghost.
Felt's ghost is almost destroyed.
You feel sick. Felt's ghost misses you. Felt's ghost closely misses you.
You closely miss felt's ghost.
Felt's ghost is almost destroyed.
You feel sick. Felt's ghost hits you.
* * * LOW HITPOINT WARNING * * *
The gnoll shaman calls upon its god to speed up the gnoll sergeant.
The gnoll sergeant seems to speed up.
As you read the scroll of teleportation, it crumbles to dust.
You feel strangely unstable.
The gnoll sergeant hits you from afar with a +0 spear of venom.
You die...

#.#.#.##.......# ##.#..#.#.#.##.
#...#.##.....#.####..#..#........
##..#.####.......................
#.>#.# #.≈≈≈≈≈≈≈≈≈≈≈≈≈≈≈≈≈≈≈≈≈≈
##.#.# #.≈≈≈≈≈≈≈≈≈≈≈≈≈≈≈≈≈≈≈≈≈≈
#.#.# #.≈≈#####..$........####
#.# #.≈≈#...#.###.©.###.#... #.#
#.≈≈#...###.#####.###... #.#
#.≈≈###@gg)/..........## #.#
#.≈≈.8#W######'###'##.#8 #.#
#.≈≈.##.#...#8..#...#.## #.#
#.≈≈.#..'..:#⌠©.g...'.g# #.#
..≈≈.##.#.()#8g.#...#.##
#.######.≈≈.8#.######'###g##.#8
#........≈≈###.......g..g....##
#######..≈≈#...###©#####g###.g.
#..≈≈#...#.###.©.###.#ggg


You could see a gnoll sergeant (fast), a gnoll shaman and felt's ghost.

Vanquished Creatures
  Maggie (D:6)
  Eustachio (D:5)
  Menkaure (D:6)
  3 ogres
  A necrophage (D:6)
  2 phantoms
  A bullfrog (D:6)
  A gnoll sergeant (D:6)
  3 scorpions
  An orc priest (D:4)
  An iguana (D:6)
  An orc wizard (D:4)
  5 worker ants
  5 gnolls (D:6)
  An adder (D:2)
  2 shadow imps
  A white imp (D:6)
  2 oozes
  2 adder skeletons
  3 worms
  6 leopard geckos
  10 orcs
  A ball python (D:3)
  5 giant cockroaches
  8 hobgoblins
  10 jackals
  2 quokkas
  12 bats
  4 frilled lizards
  6 goblins
  4 kobolds
  10 rats
116 creatures vanquished.

Vanquished Creatures (others)
  9 plants
9 creatures vanquished.

Grand Total: 125 creatures vanquished

Notes
Turn   | Place    | Note
-------+----------+-------------------------------------------
     0 | D:1      | jestyr24 the Draconian Conjurer began the quest for the
                  | Orb.
     0 | D:1      | Reached XP level 1. HP: 14/14 MP: 3/3
   343 | D:1      | Reached XP level 2. HP: 20/20 MP: 3/5
  1360 | D:2      | Found a blossoming altar of Fedhas.
  1375 | D:2      | Found a stormy altar of Qazlal.
  1384 | D:2      | Reached XP level 3. HP: 27/27 MP: 6/6
  1399 | D:2      | Learned a level 2 spell: Searing Ray
  1403 | D:2      | Learned a level 3 spell: Dazzling Flash
  1755 | D:2      | Reached skill level 1 in Fighting
  2308 | D:3      | Reached XP level 4. HP: 30/35 MP: 1/7
  2731 | D:3      | Noticed an ogre
  2735 | D:3      | Killed an ogre
  2736 | D:3      | Reached skill level 1 in Axes
  2736 | D:3      | Reached XP level 5. HP: 29/41 MP: 2/8
  3629 | D:4      | Reached XP level 6. HP: 22/48 MP: 4/9
  4744 | D:5      | Entered Level 5 of the Dungeon
  4844 | D:5      | Reached skill level 5 in Conjurations
  4844 | D:5      | Your scales start taking on a rich purple colour.
  4844 | D:5      | Reached XP level 7. HP: 56/56 MP: 7/12
  5072 | D:5      | Found a staircase to the Ecumenical Temple.
  5081 | Temple   | Entered the Ecumenical Temple
  5089 | Temple   | Became a worshipper of Vehumet
  5666 | D:5      | Noticed Eustachio
  5676 | D:5      | Killed Eustachio
  5677 | D:5      | Reached skill level 1 in Hexes
  5677 | D:5      | Reached skill level 1 in Evocations
  6227 | D:6      | Reached XP level 8. HP: 59/66 MP: 11/14
  6671 | D:6      | Noticed Menkaure
  6679 | D:6      | Killed Menkaure
  6710 | D:6      | Noticed Maggie
  6722 | D:6      | Killed Maggie
  6856 | D:6      | Reached skill level 5 in Spellcasting
  7015 | D:6      | Identified the cursed +0 ring mail of the Fife {Str+5 Dex+3
                  | Slay-5 Stlth+}
  7015 | D:6      | Identified the +2 kite shield of Qugite {MP+9 Dex+4}
  7424 | D:6      | Found a transporter.
  7424 | D:6      | Found a transporter.
  7747 | D:6      | Noticed felt's ghost (novice GnTm)
  7760 | D:6      | Reached skill level 5 in Stealth
  7770 | D:6      | Slain by a gnoll sergeant

Illustrated notes

Levels and vault maps discovered:
D:1:      wander_arrival_lonely_grave, layout_basic
D:2:      layout_loops_cross, grunt_temple_overflow_forces_of_nature,
          st_stairs_12
D:3:      layout_basic, kennysheep_boxes
D:4:      layout_layer_cave
D:5:      layout_loops_ring, minmay_temple_entry_overgrown, nrook_mini_vaults,
          uniq_eustachio
D:6:      layout_basic, gammafunk_ghost_gnarly_gnolls, kennysheep_pointless_box,
          kennysheep_potato, uniq_maggie, uniq_menkaure
Temple:   regret_index_temple_mists

Skill      XL: |  1  2  3  4  5  6  7  8 |
---------------+-------------------------+-----
Dodging        | 2 3 |  3.7
Stealth        | 2 3 4 5 |  5.0
Fighting       | 1 2 3 4 |  4.6
Axes           | 1 2 3 |  3.5
Spellcasting   | 3 4 5 |  5.2
Conjurations   | 5 |  5.8
Hexes          | 1 3 |  3.1
Evocations     | 1 2 |  2.9
Short Blades   | |  0.3

Action                   |  1- 3 |  4- 6 |  7- 9 || total
-------------------------+-------+-------+-------++-------
Melee: Unarmed           |    10 |       |       ||    10
       Tailslap          |     4 |     2 |     1 ||     7
       Dagger            |    27 |       |       ||    27
       War axe           |    43 |    11 |       ||    54
       Broad axe         |       |    55 |    26 ||    81
 Cast: Magic Dart        |    49 |    23 |    17 ||    89
       Searing Ray       |     2 |     9 |    29 ||    40
  Use: Scroll            |     6 |     2 |     8 ||    16
       Potion            |       |       |     1 ||     1
 Stab: Sleeping          |     2 |     1 |     2 ||     5
Armor: Skin              |    34 |    23 |    11 ||    68
Dodge: Dodged            |    80 |    76 |    49 ||   205

Table legend: (Time is in decaauts)
 A = Elapsed time spent in this place.
 B = Non-inter-level travel time spent in this place.
 C = Inter-level travel time spent in this place.
 D = Time resting spent in this place.
 E = Time spent auto-exploring this place.
 F = Levels seen in this place.
 G = Mean time per level.
                   A        B        C        D        E       F      G
               +--------+--------+--------+--------+--------+-----+--------+
         Total |   7903 |   7685 |    218 |   2214 |   3815 |   7 | 1129.0 |
       Dungeon |   7670 |   7452 |    218 |   2214 |   3617 |   6 | 1278.3 |
        Temple |    232 |    232 |      0 |      0 |    198 |   1 |  232.0 |
               +--------+--------+--------+--------+--------+-----+--------+

Top non-repeatable levels by time:
     D:6: 1823 daAuts
     D:4: 1388 daAuts
     D:1: 1260 daAuts
     D:3: 1120 daAuts
     D:5: 1042 daAuts
     D:2: 1035 daAuts
  Temple: 232 daAuts
